 Dungeon Crawl Stone Soup version 0.30.0-10-gfe55d96785 (webtiles) character file.

Game seed: 10775518384843751504

334 Cheops the Slasher (level 6, 0/78 HPs)
             Began as a Naga Reaver on May 15, 2023.
             Slain by a kobold brigand
             ... wielding a +0 dagger
              (5 damage)
             ... in a sewer.
             The game lasted 00:16:10 (2700 turns).

Cheops the Slasher (Naga Reaver)                    Turns: 2700, Time: 00:16:11

Health: 0/78       AC: 23    Str: 14    XL:     6   Next: 53%
Magic:  5/10       EV:  1    Int: 15    God:
Gold:   98         SH:  0    Dex: 10    Spells: 4/10 levels left

rFire   . . .        a - +0 falchion
rCold   . . .        (no shield)
rNeg    . . .        b - melded +0 leather armour
rPois   +            i - melded +0 helmet
rElec   .            (cloak currently unavailable)
rCorr   .            (gloves currently unavailable)
SInv    +            (no barding)
Will    .....        (no amulet)
Stlth   +            (no ring)
HPRegen 0.33/turn    (no ring)
MPRegen 0.12/turn

%: no passive effects
@: short of breath, tree-form, hasted, very quick
A: stationary, stasis, torment immunity, boosted hp, AC +2, large, see
invisible, (deformed body), (poison resistance), (slowness 2), spit poison 1,
(naga tail 1)
a: Spit Poison


You were in a sewer.
You were a tree.
You visited 1 branch of the dungeon, and saw 3 of its levels.
You also visited: Sewer.

You collected 98 gold pieces.

Inventory:

Hand Weapons
 a - a +0 falchion (weapon)
Armour
 b - a +0 leather armour (melded)
 i - a +0 helmet (melded)
Magical Staves
 p - a staff of cold
Scrolls
 c - a scroll of butterflies {unknown}
 f - a scroll of enchant weapon {unknown}
 j - a scroll of teleportation {unknown}
 k - 2 scrolls of identify {unknown}
 m - a scroll of immolation {unknown}
 n - a scroll of fog {unknown}
 o - a scroll of blinking {unknown}
 q - a scroll of fear {unknown}
Potions
 h - a potion of heal wounds {unknown}
 l - a potion of berserk rage {unknown}
 r - a potion of experience {unknown}


   Skills:
 - Level 2.0 Fighting
 - Level 6.0 Long Blades
 - Level 1.5 Dodging
 + Level 2.6 Spellcasting
 - Level 3.0 Conjurations
 - Level 3.0 Translocations


You had 4 spell levels left.
You knew the following spells:

 Your Spells              Type           Power      Damage    Failure   Level
a - Kiss of Death         Conj/Necr      24%        2d7       12%         1
b - Momentum Strike       Conj/Tloc      20%        3d8       10%         2
h - Hailstorm             Conj/Ice       6%         3d4       34%         3

Your spell library contained the following spells:

 Spells                   Type           Power      Damage    Failure   Level


Dungeon Overview and Level Annotations

Branches:
Dungeon (3/15)              Sewer (1/1)

Altars:


Innate Abilities, Weirdness & Mutations

You are a tree.
Your roots penetrate the ground, keeping you stationary.
You cannot be teleported.
You are immune to unholy pain and torment.
Your maximum health is greatly increased.
Your equipment is partially melded.
((Your serpentine skin is tough. (AC +2)))
You have supernaturally acute eyesight. (SInv)
((Armour fits poorly on your strangely shaped body.))
((Your system is resistant to poisons. (rPois)))
((You cover ground very slowly.))
You can spit poison.
((You have a snake-like lower body.))


Message History

* * * LOW HITPOINT WARNING * * *
You hit the kobold brigand.
The kobold brigand is severely wounded.
The kobold brigand splashes around in the water.
Your magical contamination has completely faded away.
You slash the kobold brigand!
The kobold brigand is almost dead.
The kobold brigand hits you with a +0 dagger.
* * * LOW HITPOINT WARNING * * *
You closely miss the kobold brigand.
The kobold brigand is almost dead.
The kobold brigand hits you but does no damage. x2
You hit the kobold brigand.
You kill the kobold brigand!
You hear a splash. x2
Training target 6.0 for Long Blades reached!
Your Long Blades skill increases to level 6!
You need to enable at least one skill for training.
Casting: Momentum Strike (safe; 10% risk of failure)
Confirm with . or Enter, or press ? or * to list all spells.
You cannot redirect your momentum while unable to move.
Aiming: Spit Poison (1% risk of failure)
Press: ? - help, Shift-Dir - straight line, f - kobold brigand
Aim: a kobold brigand, wielding a +0 dagger and quivering poisoned darts (50% to hit)
The splash of poison misses the kobold brigand.
The kobold brigand hits you but does no damage.
You slash the kobold brigand!
The kobold brigand is moderately wounded.
The kobold brigand hits you but does no damage.
You hit the kobold brigand but do no damage.
The kobold brigand is moderately wounded.
You hit the kobold brigand.
The kobold brigand is moderately wounded.
The kobold brigand splashes around in the water.
You slash the kobold brigand!
The kobold brigand is heavily wounded.
You hit the kobold brigand.
The kobold brigand is severely wounded.
The kobold brigand hits you with a +0 dagger.
You die...

#. .# #.#.#.#.# #K
K#~ ~# #~#~#~#~# #~
~#~ ~# #~#~#~#~#
~#~ ~#~ #~#~#~#~#
~~~ ~.~ #~.~#~.~#
#~# #~# ##~###~##
#.# #~# #.# #)#
#~###~# #~###~#
#~)♣~~# #~)~~~#
##~K~## ##~~~##
#~~.# #.~.# #.~~#
#~~.# #~~~## ##...#
#.~~.## ##..~.#
#~~~..#####~~~..#
##.~~..~~~~~~~.####
###.~~~~~~~.####~~


You could see a kobold brigand.

Vanquished Creatures
  2 kobold brigands (Sewer)
  Natasha (D:2)
  5 adders
  A gnoll (D:3)
  4 river rats
  4 worms
  A dart slug (D:2)
  3 bats (D:2)
  7 endoplasms
  3 giant cockroaches (D:1)
  5 hobgoblins
  9 jackals
  2 quokkas
  7 ball pythons
  4 frilled lizards
  3 goblins
  6 kobolds
  7 rats
74 creatures vanquished.

Notes
Turn   | Place    | Note
-------+----------+-------------------------------------------
     0 | D:1      | Cheops the Naga Reaver began the quest for the Orb.
     0 | D:1      | Reached XP level 1. HP: 19/19 MP: 3/3
   228 | D:1      | Reached XP level 2. HP: 10/26 MP: 5/5
   356 | D:1      | Learned a level 2 spell: Momentum Strike
   839 | D:1      | Reached skill level 4 in Long Blades
   839 | D:1      | Reached XP level 3. HP: 24/32 MP: 6/6
   893 | D:1      | Reached skill level 1 in Translocations
   977 | D:1      | Learned a level 3 spell: Hailstorm
  1413 | D:2      | Reached XP level 4. HP: 37/39 MP: 3/7
  1823 | D:2      | Noticed Natasha
  1826 | D:2      | Killed Natasha
  2012 | D:3      | Reached XP level 5. HP: 45/45 MP: 5/8
  2184 | D:3      | Reached skill level 5 in Long Blades
  2300 | D:3      | Found a glowing drain.
  2304 | Sewer    | Entered a sewer
  2589 | Sewer    | Noticed a kobold brigand
  2602 | Sewer    | Killed a kobold brigand
  2603 | Sewer    | Reached XP level 6. HP: 50/52 MP: 6/9
  2692 | Sewer    | HP: 3/78 [kobold brigand/+0 dagger (3)]
  2695 | Sewer    | Reached skill level 6 in Long Blades
  2700 | Sewer    | Slain by a kobold brigand

Illustrated notes

Levels and vault maps discovered:
D:1:      giann_wishing_wells, layout_loops_ring, serial_bayou_lake_a
D:2:      layout_basic, serial_park_tiny_pond, grunt_ministairs_8,
          serial_park_tiny_2, minmay_three_crescents, uniq_natasha
D:3:      layout_basic, lightli_sewer_entry_pipes, minivault_11,
          corexii_item_surrounded_by_moat
Sewer:    sewer_co_tree

Skill      XL: |  1  2  3  4  5  6 |
---------------+-------------------+-----
Long Blades    | 4 5 6 |  6.0
Translocations | 2 3 |  3.0
Fighting       | |  2.0
Dodging        | |  1.5
Spellcasting   | |  2.6
Conjurations   | |  3.0

Action                     |  1- 3 |  4- 6 || total
---------------------------+-------+-------++-------
  Melee: Falchion          |    66 |    81 ||   147
         Punch             |     3 |       ||     3
   Cast: Momentum Strike   |    14 |    27 ||    41
         Kiss of Death     |       |     1 ||     1
Ability: Spit Poison       |    26 |    17 ||    43
    Use: Potion            |       |     3 ||     3
 Armour: Leather armour    |    17 |    23 ||    40
         Skin              |       |     7 ||     7
  Dodge: Dodged            |    36 |    28 ||    64
